 Dungeon Crawl Stone Soup version 0.30.1-11-g7821555f0a (webtiles) character file.

Game seed: 2101179087796292431

16081 Ijustatesigmund the Geomancer (level 12, -13/67 HPs)
             Began as a Gargoyle Earth Elementalist on Nov 22, 2023.
             Was an Elder of Cheibriados.
             Mangled by a white ugly thing (22 damage)
             ... on level 12 of the Dungeon on Nov 23, 2023.
             The game lasted 00:28:42 (14964 turns).

Ijustatesigmund the Geomancer (GrEE)               Turns: 14964, Time: 00:28:43

Health: -13/67     AC: 17    Str: 24    XL:     12   Next: 33%
Magic:  6/34       EV: 12    Int: 28    God:    Cheibriados [****..]
Gold:   585        SH:  0    Dex: 22    Spells: 25/29 levels left

rFire   . . .        e - +1 demon whip (venom)
rCold   . . .        (no shield)
rNeg    + + .        a - +2 robe "Emien" {+Blink}
rPois   ∞            p - +2 helmet
rElec   +            (no cloak)
rCorr   .            G - +0 pair of gloves
SInv    .            (no boots)
Will    +....        z - amulet of magic regeneration
Stlth   ++           q - ring of positive energy
HPRegen 0.31/turn    g - ring of magical power
MPRegen 0.64/turn

%: no passive effects
@: very slow
A: sickness immunity, AC +8, negative energy resistance 1, electricity
resistance, torment resistance 1, petrification resistance, hooves 1, agile 1,
strong-willed 1, strong 1
a: Renounce Religion, Evoke Blink, Bend Time, Temporal Distortion, Slouch


You were on level 12 of the Dungeon.
You worshipped Cheibriados.
Cheibriados was greatly pleased with you.
You visited 2 branches of the dungeon, and saw 13 of its levels.
You also visited: Ossuary.

You collected 585 gold pieces.

Inventory:

Hand Weapons
 c - a +3 flail
 e - a +1 demon whip of venom (weapon)
Armour
 a - the +2 robe "Emien" (worn) {+Blink}
   (You took it off an orc on level 7 of the Dungeon)

   +Blink:    It lets you blink.
 p - a +2 helmet (worn)
 E - +0 steam dragon scales
 G - a +0 pair of gloves (worn)
Jewellery
 g - a ring of magical power (right hand)
 k - a ring of resist corrosion
 q - a ring of positive energy (left hand)
 r - the ring "Jalor" {Fire Will++}
   (You took it off a centaur on level 10 of the Dungeon)

   [ring of fire]

   It enhances your fire magic.
   rF:        It protects you from fire.
   rC:        It makes you vulnerable to cold.
   Will:      It greatly increases your willpower.
 w - a ring of ice
 z - an amulet of magic regeneration (around neck)
 I - the ring of Qolang {rC+ Dex+3}
   (You took it off an ogre mage on level 10 of the Dungeon)

   [ring of protection from cold]

   Dex:       It affects your dexterity (+3).
   rC:        It protects you from cold.
Wands
 t - a wand of flame (11)
 v - a wand of mindburst (17)
 K - a wand of roots (1)
 L - a wand of digging (4)
Scrolls
 l - a scroll of amnesia
 m - 11 scrolls of teleportation
 n - a scroll of enchant armour
 y - 2 scrolls of poison
 A - 2 scrolls of fog
 F - 2 scrolls of fear
 J - a scroll of acquirement {unknown}
Potions
 b - 2 potions of magic
 d - 2 potions of lignification
 f - 7 potions of curing
 h - a potion of ambrosia
 i - 2 potions of heal wounds
 j - 2 potions of resistance
 o - 3 potions of might
 s - 4 potions of haste
 u - 2 potions of attraction
 x - 3 potions of flight
 D - 2 potions of mutation
 H - a potion of cancellation


   Skills:
 + Level 4.7 Fighting
 - Level 6.0 Maces & Flails
 + Level 2.8 Armour
 - Level 1.5 Dodging
 - Level 2.1 Stealth
 + Level 9.0 Spellcasting
 + Level 11.0 Conjurations
 - Level 0.7 Transmutations
 + Level 11.7 Earth Magic
 + Level 6.8 Invocations
 - Level 2.8 Evocations


You had 25 spell levels left.
You knew the following spells:

 Your Spells              Type           Power      Damage    Failure   Level
a - Sandblast             Erth           100%       2d20      1%          1
b - Stone Arrow           Conj/Erth      100%       3d13      1%          3

Your spell library contained the following spells:

 Spells                   Type           Power      Damage    Failure   Level
 Shock                    Conj/Air       100%       1d9       1%          1
 Passwall                 Tmut/Erth      39%        N/A       1%          2
 Dazzling Flash           Conj/Hex       86%        N/A       1%          3
 Hailstorm                Conj/Ice       43%        3d10      1%          3
 Petrify                  Tmut/Erth      47%        N/A       3%          4
 Freeze                   Ice            48%        1d6       4%          1
 Frozen Ramparts          Ice            24%        1d4       13%         3
 Swiftness                Air            12%        N/A       13%         3
 Airstrike                Air            6%         2d(1-17)  41%         4
 Agony                    Necr           12%        N/A       77%         5
 Silence                  Hex/Air        6%         N/A       77%         5
 Summon Forest            Summ/Tloc      6%         N/A       77%         5
 Summon Mana Viper        Hex/Summ       12%        N/A       77%         5
 Summon Cactus Giant      Summ           6%         N/A       100%        6


Dungeon Overview and Level Annotations

Branches:
Dungeon (12/15)            Temple (1/1) D:7            Lair (0/5) D:11
    Orc (0/2) D:10        Ossuary (visited)

Altars:
Ashenzari
Cheibriados
Dithmenos
Elyvilon
Fedhas
Gozag
Hepliaklqana
Kikubaaqudgha
Makhleb
Nemelex Xobeh
Okawaru
Qazlal
Ru
Sif Muna
Trog
Uskayaw
Vehumet
Wu Jian
Xom
Yredelemnul
Zin
The Shining One

Shops:
D:5 (   D:9 [


Innate Abilities, Weirdness & Mutations

You are immune to sickness and miasma.
Your stone body is resilient. (AC +8)
You are immune to poison.
You resist negative energy. (rN+)
You are resistant to electric shocks. (rElec)
You are resistant to unholy torment.
You are immune to petrification.
You have large cloven feet.
You are agile. (Dex +4, Str/Int -1)
You are strong-willed. (Will+)
Your muscles are strong. (Str +4, Int/Dex -1)


Message History

Aiming: Stone Arrow (safe; 1% risk of failure)
Press: ? - help, Shift-Dir - straight line, f/p - white ugly thing
Aim: a white ugly thing (heavily wounded, 78% to hit)
The stone arrow misses the white ugly thing.
The white ugly thing stings you but does no damage.
Casting: Stone Arrow (safe; 1% risk of failure)
Confirm with . or Enter, or press ? or * to list all spells.
Aiming: Stone Arrow (safe; 1% risk of failure)
Press: ? - help, Shift-Dir - straight line, f/p - white ugly thing
Aim: a white ugly thing (heavily wounded, 78% to hit)
The stone arrow hits the white ugly thing.
The white ugly thing is severely wounded.
The white ugly thing barely misses you.
Casting: Stone Arrow (safe; 1% risk of failure)
Confirm with . or Enter, or press ? or * to list all spells.
Aiming: Stone Arrow (safe; 1% risk of failure)
Press: ? - help, Shift-Dir - straight line, f/p - white ugly thing
Aim: a white ugly thing (heavily wounded, 78% to hit)
The stone arrow misses the white ugly thing.
The white ugly thing barely misses you.
Casting: Stone Arrow (safe; 1% risk of failure)
Confirm with . or Enter, or press ? or * to list all spells.
Aiming: Stone Arrow (safe; 1% risk of failure)
Press: ? - help, Shift-Dir - straight line, f/p - white ugly thing
Aim: a white ugly thing (heavily wounded, 78% to hit)
The stone arrow hits the white ugly thing!
The white ugly thing is severely wounded.
The white ugly thing stings you. The white ugly thing freezes you!!
* * * LOW HITPOINT WARNING * * *
Casting: Stone Arrow (safe; 1% risk of failure)
Confirm with . or Enter, or press ? or * to list all spells.
Aiming: Stone Arrow (safe; 1% risk of failure)
Press: ? - help, Shift-Dir - straight line, f/p - white ugly thing
Aim: a white ugly thing (severely wounded, 78% to hit)
The stone arrow hits the white ugly thing!
The white ugly thing is almost dead.
The white ugly thing stings you!
* * * LOW HITPOINT WARNING * * *
The white ugly thing freezes you!!
You die...

.........#
........#
.......#
#......# .
#......##..
#!.........
..(##........).
...$...@u......
......)..).....
..(....))......
...##..........
.. #..........
. #...##.##'#
#...# .# #
..... ..


You could see a white ugly thing.

Vanquished Creatures
  An ogre mage (D:10)
  A two-headed ogre (D:11)
  A death knight (D:10)
  2 death yaks (D:11)
  2 tengu warriors (D:10)
  Amaemon (D:8)
  A deep troll (shapeshifter) (D:10)
  Pikel (D:5)
  A manticore (D:11)
  A cyclops (D:11)
  Joseph (D:7)
  A gargoyle (D:11)
  An orange demon (D:8)
  An unseen horror (D:11)
  A yaktaur (D:10)
  A tengu conjurer (D:10)
  A kobold demonologist (D:10)
  A troll (D:11)
  A hornet (D:9)
  Prince Ribbit (D:9)
  Sigmund (D:2)
  A shadow (D:11)
  4 yaks (D:10)
  A vampire (D:9)
  2 wyverns
  An unseen horror simulacrum (D:10)
  2 steam dragons (D:9)
  An acid dragon (D:10)
  2 water moccasins
  6 orc warriors
  2 sky beasts (D:7)
  An ice beast (D:6)
  4 centaurs
  4 ogres
  2 lemures (D:5)
  A phantom (D:4)
  2 kobold brigands
  2 gnoll sergeants
  2 bullfrogs
  11 scorpions
  4 wights (D:8)
  12 killer bees
  5 howler monkeys
  6 centaur zombies (Ossuary)
  A human zombie (Ossuary)
  3 hounds (D:5)
  6 jellies
  2 gnoll boudas
  7 orc priests
  4 iguanas
  2 scorpion zombies (Ossuary)
  Ijyb (D:3)
  Natasha (twice) (D:2 D:1)
  9 orc wizards
  A hell rat (D:11)
  3 mummies (Ossuary)
  Robin (D:1)
  12 gnolls
  A river rat (D:11)
  7 adders
  2 shadow imps
  2 white imps (D:7)
  An ufetubus (D:4)
  A worm (D:3)
  4 dart slugs
  38 orcs
  8 endoplasms
  8 giant cockroaches
  12 goblins
  10 hobgoblins
  3 jackals (D:3)
  3 quokkas
  6 ball pythons
  6 bats
  14 frilled lizards
  4 gnoll zombies (Ossuary)
  2 goblin zombies (Ossuary)
  A hobgoblin zombie (Ossuary)
  12 kobolds
  A kobold zombie (Ossuary)
  An orc zombie (Ossuary)
  5 rats
307 creatures vanquished.

Notes
Turn   | Place    | Note
-------+----------+-------------------------------------------
     0 | D:1      | Ijustatesigmund the Gargoyle Earth Elementalist began the
                  | quest for the Orb.
     0 | D:1      | Reached XP level 1. HP: 10/10 MP: 3/3
   318 | D:1      | Reached XP level 2. HP: 16/16 MP: 3/5
   420 | D:1      | Reached skill level 1 in Fighting
   708 | D:2      | Noticed Natasha
   859 | D:2      | Killed Natasha
   860 | D:2      | Reached XP level 3. HP: 4/20 MP: 0/6
   923 | D:1      | Learned a level 3 spell: Stone Arrow
  1068 | D:2      | Noticed Robin
  1132 | D:1      | Killed Robin
  1133 | D:1      | Reached skill level 1 in Conjurations
  1133 | D:1      | Reached XP level 4. HP: 23/25 MP: 0/8
  1431 | D:2      | Noticed Natasha
  1736 | D:1      | Killed Natasha
  2080 | D:2      | Reached XP level 5. HP: 29/29 MP: 5/9
  2096 | D:2      | Noticed Sigmund
  2486 | D:2      | Killed Sigmund
  2487 | D:2      | Reached skill level 5 in Earth Magic
  2487 | D:2      | Reached XP level 6. HP: 26/34 MP: 5/11
  3196 | D:3      | Noticed Ijyb
  3201 | D:3      | Killed Ijyb
  3975 | D:4      | Reached XP level 7. HP: 38/38 MP: 9/12
  4020 | D:4      | Reached skill level 5 in Conjurations
  4414 | D:4      | Found a glowing golden altar of the Shining One.
  4443 | D:4      | Reached XP level 8. HP: 43/43 MP: 10/14
  5104 | D:4      | Found a hide-covered altar of Uskayaw.
  5104 | D:4      | Found an ancient bone altar of Kikubaaqudgha.
  5147 | D:5      | Entered Level 5 of the Dungeon
  5204 | D:5      | Found a sand-covered staircase.
  5213 | Ossuary  | Entered an ossuary
  5482 | Ossuary  | Reached skill level 1 in Evocations
  5821 | Ossuary  | Reached skill level 5 in Spellcasting
  6443 | D:5      | Reached XP level 9. HP: 45/48 MP: 17/17
  6528 | D:5      | Found Okeavit's Weapon Shop.
  7109 | D:5      | Noticed Pikel
  7114 | D:5      | Killed Pikel
  7405 | D:6      | Gained mutation: You sometimes lose your temper in combat.
                  | [potion of mutation]
  7406 | D:6      | Lost mutation: You sometimes lose your temper in combat.
                  | [potion of mutation]
  7406 | D:6      | Gained mutation: You have sharp fingernails. [potion of
                  | mutation]
  7406 | D:6      | Gained mutation: You occasionally lose the ability to read
                  | scrolls when taking damage. [potion of mutation]
  7406 | D:6      | Gained mutation: Your muscles are strong. (Str +4, Int/Dex
                  | -1) [potion of mutation]
  7407 | D:6      | Lost mutation: You have sharp fingernails. [potion of
                  | mutation]
  7407 | D:6      | Lost mutation: You occasionally lose the ability to read
                  | scrolls when taking damage. [potion of mutation]
  7407 | D:6      | Gained mutation: You are agile. (Dex +4, Str/Int -1)
                  | [potion of mutation]
  7407 | D:6      | Gained mutation: You have large cloven feet. [potion of
                  | mutation]
  7407 | D:6      | Gained mutation: You are strong-willed. (Will+) [potion of
                  | mutation]
  8097 | D:6      | Found a basalt altar of Yredelemnul.
  8247 | D:6      | Reached skill level 1 in Maces & Flails
  8706 | D:7      | Reached XP level 10. HP: 56/56 MP: 18/20
  8757 | D:7      | Found a staircase to the Ecumenical Temple.
  8787 | D:7      | Found an opulent altar of Gozag.
  8824 | Temple   | Entered the Ecumenical Temple
  8837 | Temple   | Became a worshipper of Cheibriados the Contemplative
  8953 | D:7      | Identified the +2 robe "Emien" {+Blink}
  8963 | D:7      | Reached skill level 1 in Invocations
  9293 | D:7      | Noticed Joseph
  9300 | D:7      | Killed Joseph
  9367 | D:7      | Reached * piety under Cheibriados
  9722 | D:8      | Noticed Amaemon
  9723 | D:8      | Noticed an orange demon
  9743 | D:8      | Killed Amaemon
  9747 | D:8      | Killed an orange demon
 10109 | D:8      | Identified the +1 scale mail "Laqopu Zisir" {Int-4 Dex+4
                  | SInv}
 10260 | D:8      | Reached skill level 10 in Earth Magic
 10647 | D:9      | Reached ** piety under Cheibriados
 10669 | D:9      | Noticed Prince Ribbit
 10683 | D:9      | Killed Prince Ribbit
 10776 | D:9      | Reached XP level 11. HP: 60/60 MP: 16/22
 11010 | D:9      | Found Qoczum's Armour Shoppe.
 11397 | D:10     | Entered Level 10 of the Dungeon
 11510 | D:10     | Noticed a sun demon
 11527 | D:10     | Identified the ring of Qolang {rC+ Dex+3}
 11527 | D:10     | Noticed an ogre mage
 11533 | D:10     | Identified the ring "Aqixaxt" {rC+ rN+ MP-9 Str+4 Dex+3}
 11533 | D:10     | Identified the amulet of Fygeec {Spirit Rampage rPois SInv}
 11533 | D:10     | Noticed a death knight
 11534 | D:10     | Noticed a tengu warrior
 11620 | D:10     | Noticed a tengu warrior
 11756 | D:10     | Killed an ogre mage
 11757 | D:10     | Reached skill level 5 in Maces & Flails
 11757 | D:10     | Reached skill level 10 in Conjurations
 11967 | D:10     | Noticed a deep troll
 11971 | D:10     | Killed a deep troll
 11972 | D:10     | Reached skill level 5 in Invocations
 12191 | D:10     | Identified the ring "Jalor" {Fire Will++}
 12218 | D:10     | Killed a death knight
 12431 | D:10     | Killed a tengu warrior
 12431 | D:10     | Reached *** piety under Cheibriados
 12927 | D:10     | Found a staircase to the Orcish Mines.
 13374 | D:10     | Killed a tengu warrior
 13632 | D:11     | Reached XP level 12. HP: 64/66 MP: 24/24
 13706 | D:11     | Noticed a two-headed ogre
 13713 | D:11     | Killed a two-headed ogre
 13714 | D:11     | Reached skill level 1 in Armour
 13785 | D:11     | Noticed a death yak
 13792 | D:11     | Noticed a death yak
 13792 | D:11     | Noticed a death yak
 13802 | D:11     | Killed a death yak
 13809 | D:11     | Killed a death yak
 13921 | D:11     | Found a staircase to the Lair.
 14604 | D:11     | Reached **** piety under Cheibriados
 14964 | D:12     | Mangled by a white ugly thing

Illustrated notes

Levels and vault maps discovered:
D:1:      lightli_iron_boxes, layout_rooms, wad_floor_pattern_untrapped
D:2:      layout_basic, minmay_lizard_pond, uniq_sigmund, uniq_robin,
          uniq_natasha
D:3:      layout_loops_ring, grunt_ministairs_6, corexii_leaking_fountain,
          uniq_ijyb
D:4:      kennysheep_six_static_rooms, layout_cave_pools, tso_metal_star,
          nicolae_overflow_two_pavilions
D:5:      layout_cave_pools, serial_shops, nicolae_shop_statue_plus,
          nicolae_ossuary_entry_monument, minmay_lizard_king, uniq_pikel
D:6:      layout_loops_cross, kennysheep_little_box, serial_glass,
          glass_columns_a, glass_columns_a, glass_columns_c, glass_columns_a,
          hangedman_decor_growths
D:7:      layout_basic, overflow_temple_1_default,
          minmay_temple_entry_gardened_gates, uniq_joseph
D:8:      layout_basic, uniq_amaemon
D:9:      layout_long_grid, serial_shops, nicolae_shop_back_alley_shop,
          uniq_prince_ribbit1
D:10:     minmay_the_grid_triangle_9x9_rhombus_thin_mashed
          [minmay_the_grid_triangle_9x9_empty,
          minmay_the_grid_triangle_9x9_prize_special,
          minmay_the_grid_triangle_9x9_from_above,
          minmay_the_grid_triangle_9x9_semitri], layout_basic
D:11:     layout_big_octagon, dpeg_lair_monsters, dreamdust_wishing_well
D:12:     layout_gridville
Temple:   sentei_temple_godly_chess

Skill      XL: |  1  2  3  4  5  6  7  8  9 10 11 12 |
---------------+-------------------------------------+-----
Fighting       | 1 3 4 |  4.7
Earth Magic    | 4 5 6 7 9 10 11 | 11.7
Conjurations   | 1 2 3 4 6 7 8 9 10 11 | 11.0
Spellcasting   | 3 4 5 6 7 8 9 |  9.0
Evocations     | 2 |  2.8
Maces & Flails | 1 4 6 |  6.0
Invocations    | 4 6 |  6.8
Armour         | 2 |  2.8
Dodging        | |  1.5
Stealth        | |  2.1
Transmutations | |  0.7

Action                     |  1- 3 |  4- 6 |  7- 9 | 10-12 || total
---------------------------+-------+-------+-------+-------++-------
  Melee: Club              |     8 |       |       |       ||     8
         Whip              |       |    24 |       |       ||    24
         Mace              |       |       |    19 |       ||    19
         Punch             |       |       |     1 |     5 ||     6
         Flail             |       |       |       |    74 ||    74
         Demon whip        |       |       |       |   133 ||   133
         Kick              |       |       |       |    75 ||    75
   Cast: Sandblast         |    39 |    79 |   109 |     5 ||   232
         Stone Arrow       |       |     2 |    96 |   189 ||   287
  Evoke: Wand              |       |       |     4 |     7 ||    11
    Use: Potion            |       |     1 |     4 |     3 ||     8
         Scroll            |       |     2 |    16 |     5 ||    23
 Armour: Robe              |    19 |    18 |    87 |   186 ||   310
  Dodge: Dodged            |    15 |    35 |   103 |   189 ||   342
